 Dungeon Crawl Stone Soup version 0.19.5 (webtiles) character file.

66 McKennaii the Gusty (level 3, -5/21 HPs)
             Began as a High Elf Air Elementalist on Apr 20, 2017.
             Slain by Crazy Yiuf
             ... wielding a +4 quarterstaff of chaos
              (10 damage)
             ... on level 2 of the Dungeon.
             The game lasted 00:04:16 (1190 turns).

McKennaii the Gusty (High Elf Air Elementalist)     Turns: 1190, Time: 00:04:16

Health: -5/21      AC:  5    Str:  7    XL:     3   Next: 96%
Magic:  4/8        EV: 12    Int: 20    God:
Gold:   63         SH:  0    Dex: 15    Spells: 3 memorised, 2 levels left

rFire  . . .     SeeInvis .     (no weapon)
rCold  + . .     Gourm    .     j - +1 leather armour {rC+}
rNeg   . . .     Faith    .     (no shield)
rPois  .         Spirit   .     (no helmet)
rElec  .         Reflect  .     l - +0 cloak
rCorr  .         Harm     .     (no gloves)
MR     .....                    (no boots)
Stlth  ++........               (no amulet)
                                (no ring)
                                (no ring)

@: repel missiles
A: no striking features
a: no special abilities


You were on level 2 of the Dungeon.
You were hungry.

You visited 1 branch of the dungeon, and saw 2 of its levels.

You collected 63 gold pieces.

Inventory:

Armour
 j - a +1 leather armour of cold resistance (worn)
 l - a +0 cloak (worn)
Scrolls
 a - 2 scrolls of immolation {unknown}
 e - 2 scrolls of identify {unknown}
 f - 3 scrolls of remove curse {unknown}
 h - 2 scrolls of amnesia {unknown}
 m - a scroll of enchant armour {unknown}
 n - a scroll of magic mapping {unknown}
Potions
 i - a potion of curing {unknown}
 k - a potion of cure mutation {unknown}
Books
 b - a book of Air

   Spells                             Type                      Level
   a - Shock                          Conjuration/Air              1
   b - Swiftness                      Charms/Air                   2
   c - Repel Missiles                 Charms/Air                   2
   d - Static Discharge               Conjuration/Air              3
   e - Lightning Bolt                 Conjuration/Air              5
Comestibles
 c - 3 bread rations
 d - a meat ration
 g - a beef jerky


   Skills:
 + Level 0.2 Fighting
 + Level 0.1 Armour
 + Level 2.5 Dodging
 + Level 2.6 Stealth
 + Level 2.9 Spellcasting
 + Level 1.8 Conjurations
 + Level 4.7 Air Magic


You had 2 spell levels left.
You knew the following spells:

 Your Spells              Type           Power        Failure   Level  Hunger
a - Shock                 Conj/Air       ###.         6%          1    None
b - Swiftness             Chrm/Air       ##......     14%         2    ##.....
c - Repel Missiles        Chrm/Air       ##....       14%         2    ##.....


Dungeon Overview and Level Annotations

Branches:
Dungeon (2/15)

Altars:

Annotations:
D:2 Crazy Yiuf


Message History

Confirm with . or Enter, or press ? or * to list all spells.
Aiming: Shock
Press: ? - help, Shift-Dir - straight line The zap hits Crazy Yiuf.
Crazy Yiuf is heavily wounded.
The zap hits Crazy Yiuf.
Crazy Yiuf is heavily wounded.
Crazy Yiuf hits you with a quarterstaff of chaos!
Ouch! That really hurt!
Crazy Yiuf burns you.
* * * LOW HITPOINT WARNING * * *
Casting: Shock
Confirm with . or Enter, or press ? or * to list all spells.
Aiming: Shock
Press: ? - help, Shift-Dir - straight line The zap hits Crazy Yiuf.
Crazy Yiuf is heavily wounded.
The zap misses Crazy Yiuf.
Crazy Yiuf hits you with a quarterstaff of chaos!
You die...

#..>.....#####
########...... #......
#...... ###### ###
##.##.# ##..#.## ###..)#
#...... #......####.'...#
#...... #.....#.#g.##...#
#...... #.#.#..#@### ###
#....<. #.########
#...... #.# #...... #.#
########.(.... #.#
#(............ #.#
#.............
#.#############.#........
#..†............#..###..#
#######...............#..


You could see Crazy Yiuf.

Vanquished Creatures
  A gnoll (D:1)
  An adder (D:2)
  An ooze (D:2)
  2 worms (D:2)
  2 dart slugs
  A leopard gecko (D:2)
  A giant cockroach (D:2)
  3 goblins
  6 hobgoblins
  3 jackals (D:1)
  4 bats
  5 kobolds
  2 rats (D:1)
32 creatures vanquished.

Notes
Turn   | Place    | Note
-------+----------+-------------------------------------------
     0 | D:1      | McKennaii the High Elf Air Elementalist began the quest for the Orb.
     0 | D:1      | Reached XP level 1. HP: 11/11 MP: 4/4
   110 | D:1      | Reached skill level 4 in Air Magic
   187 | D:1      | Reached XP level 2. HP: 5/17 MP: 0/6
   258 | D:1      | Learned a level 2 spell: Swiftness
   261 | D:1      | Learned a level 2 spell: Repel Missiles
   397 | D:1      | Reached XP level 3. HP: 9/21 MP: 6/8
  1179 | D:2      | Found a runed door.
  1183 | D:2      | Noticed Crazy Yiuf
  1190 | D:2      | Slain by Crazy Yiuf

Skill      XL: |  1 |
---------------+----+-----
Air Magic      | 4 |  4.7
Fighting       | |  0.2
Armour         | |  0.1
Dodging        | |  2.5
Stealth        | |  2.6
Spellcasting   | |  2.9
Conjurations   | |  1.8

Action                   || total
-------------------------++-------
Melee: Unarmed           ||    13
 Cast: Shock             ||    82
       Repel Missiles    ||     1
Armor: Robe              ||    10
       Leather armour    ||    12
Dodge: Dodged            ||    46
